 Dungeon Crawl Stone Soup version 0.27-a0-1591-gc56fcc985a (webtiles) character file.

Game seed: 4987119786684543812

945 Sabo the Covered (level 7, -5/57 HPs)
             Began as a Palentonga Fighter on July 19, 2021.
             Was a Follower of Ashenzari.
             Killed by divine providence
             ... invoked by an orc priest
              (11 damage)
             ... on level 5 of the Dungeon.
             The game lasted 00:34:12 (4620 turns).

Sabo the Covered (Palentonga Fighter)               Turns: 4620, Time: 00:34:14

Health: -5/57      AC: 17    Str: 20    XL:     7   Next: 89%
Magic:  7/7        EV:  6    Int:  8    God:    Ashenzari [*.....]
Gold:   139        SH: 11    Dex: 11    Spells: 6/6 levels left

rFire    . . .     SeeInvis +   q - +2 falchion (elec)
rCold    . . .     Faith    .   c - +2 kite shield
rNeg     . . .     Spirit   .   b - +0 scale mail
rPois    .         Reflect  .   (no helmet)
rElec    +         Harm     .   (no cloak)
rCorr    +         Rampage  .   e - +2 pair of gloves of the Astral Augur {Cun, Bglg} (curse)
Will     +....                  (no barding)
Stlth    ..........             s - amulet of Desmomancy {Regen+, Comp, Range} (curse)
HPRegen  1.19/turn              B - ring of resist corrosion
MPRegen  0.10/turn              (no ring)

@: curled up
A: large, rugged brown scales 3, see invisible, deformed body, roll 1, armoured
tail, reflexive curl, strong-willed 1, electricity resistance
a: Rolling Charge, Renounce Religion, Curse Item, Shatter the Chains


You were on level 5 of the Dungeon.
You worshipped Ashenzari.
Ashenzari was aware of your devotion.
You visited 1 branch of the dungeon, and saw 5 of its levels.
You also visited: Ossuary.

You collected 139 gold pieces.

Inventory:

Hand Weapons
 a - a +0 war axe
 g - a +0 spear of venom
 o - a +0 hunting sling
 q - a +2 falchion of electrocution (weapon)
 C - a +2 long sword of holy wrath
Missiles
 f - 6 javelins
 h - 4 boomerangs
 i - 21 bolts
 l - 101 arrows
Armour
 b - a +0 scale mail (worn)
 c - a +2 kite shield (worn)
 e - the cursed +2 pair of gloves of the Astral Augur (worn) {Cun, Bglg}
   (You found it on level 1 of the Dungeon)

   It has a curse which improves the following skills: Cunning: Dodging and
   Stealth.
   Beguiling: Conjurations, Hexes and Translocations.
Jewellery
 s - the cursed amulet of Desmomancy (around neck) {Regen+, Comp, Range}
   (You found it on level 3 of the Dungeon)

   [amulet of regeneration]

   Regen:     It increases your rate of health regeneration.
   It has a curse which improves the following skills: Companions: Summonings
   and Necromancy.
   Ranged Combat: Slings, Bows, Crossbows and Throwing.
 B - a ring of resist corrosion (left hand)
Scrolls
 j - 2 scrolls of teleportation
 m - a scroll of summoning
 n - 2 scrolls of brand weapon
 t - a scroll of fear
 x - 2 scrolls of fog
 y - a scroll of holy word
 z - a scroll of blinking
Potions
 d - a potion of might
 k - 3 potions of curing
 p - 3 potions of mutation
 r - 2 potions of heal wounds
 u - 2 potions of brilliance
 v - a potion of magic
 w - a potion of haste
 A - a potion of invisibility


   Skills:
 + Level 4.0 Fighting
 + Level 4.1 Long Blades
 + Level 2.3(2.7) Axes
 + Level 2.0(2.4) Polearms
 + Level 4.6 Armour
 + Level 1.8(2.6) Dodging
 + Level 0.2(0.4) Stealth
 + Level 4.1 Shields


You had 6 spell levels left.
You didn't know any spells.
Your spell library contained the following spells:

 Spells                   Type           Power      Damage    Failure   Level
 Foxfire                  Conj/Fire      0%         2x1d4     98%         1
 Conjure Flame            Conj/Fire      0%         6-21      100%        3
 Inner Flame              Hex/Fire       0%         N/A       100%        3


Dungeon Overview and Level Annotations

Branches:
Dungeon (5/15)            Ossuary (visited)
 Temple: D:4-7

Altars:
Ashenzari
Dithmenos
Sif Muna
Zin

Annotations:
D:5 2 transporters, Exaltedone87's ghost, novice PaFi


Innate Abilities, Weirdness & Mutations

You are completely covered in rugged brown scales. (AC +3, +7% HP)
You have supernaturally acute eyesight. (SInv)
Armour fits poorly on your strangely shaped body.
You can roll at nearby foes to attack.
You have a long armoured tail.
You curl defensively after being hit.
You are strong-willed. (Will+)
You are resistant to electric shocks. (rElec)


Message History

You block the scorpion's attack.
The orc warrior hits you from afar with a +0 trident!
* * * LOW HITPOINT WARNING * * *
You block the scorpion's attack.
You feel much better. You block the scorpion's attack.
The orc warrior hits you from afar with a +0 trident!
Your +2 long sword of holy wrath stops glowing.
You hear the crackle of electricity.
q - a +2 falchion of electrocution (weapon)
The orc priest looks encouraged for a moment.
You hit the scorpion but do no damage. You tail-slap the scorpion.
You kill the scorpion!
The orc warrior throws a boomerang.
The boomerang barely misses you.
The orc priest miscasts a cantrip.
Your Shields skill increases to level 4!
You block the orc warrior's attack.
You see here a scorpion corpse.
You hit the orc warrior.
The orc warrior is lightly wounded.
You block the orc warrior's attack. x2
You closely miss the orc warrior. You tail-slap the orc warrior.
The orc warrior is moderately wounded.
The orc warrior barely misses you.
The orc priest invokes the aid of Beogh against you.
Beogh smites you!
* * * LOW HITPOINT WARNING * * *
You hit the orc warrior but do no damage.
Lightning courses through the orc warrior!!
You kill the orc warrior!
The orc priest begins to cast a cantrip, but forgets the words!
Your Fighting skill increases to level 4!
Your Long Blades skill increases to level 4!
You barely miss the orc. You tail-slap the orc.
The orc is severely wounded.
The orc priest calls down the wrath of Beogh upon you.
Beogh smites you!
* * * LOW HITPOINT WARNING * * *
The orc priest invokes the aid of Beogh against you.
Beogh smites you!
You die... ###### #......
Zo.....

#######o?.....
########....@ooo.....
#####..........####o.....
.........###...# .....
...#######.....## ....
..## #...†...#


oo. ..# #.........# .. ..# #..........# . ..# #...........# .## #..........##
You could see 2 orc priests and 4 orcs.

Vanquished Creatures
  A black bear (D:5)
  An orc warrior (D:5)
  An ice beast (D:4)
  A sky beast (D:5)
  A phantom (D:5)
  A scorpion (D:5)
  A jelly (D:5)
  A centaur zombie (Ossuary)
  2 centaur skeletons
  A hound (D:4)
  An orc priest (D:3)
  An iguana (D:4)
  4 mummies (Ossuary)
  3 gnolls (D:2)
  5 adders
  An ufetubus (D:4)
  2 worms (D:2)
  A dart slug (D:1)
  12 orcs
  4 bats
  6 endoplasms
  3 giant cockroaches
  2 gnoll zombies (Ossuary)
  5 goblins
  8 hobgoblins
  2 jackals (D:2)
  3 kobolds
  4 quokkas
  4 ball pythons
  3 frilled lizards
  3 goblin zombies (Ossuary)
  A hobgoblin zombie (Ossuary)
  A kobold zombie (Ossuary)
  6 rats
96 creatures vanquished.

Vanquished Creatures (others)
  An orc wizard (D:5)
  A fungus (D:1)
  A plant (D:1)
3 creatures vanquished.

Grand Total: 99 creatures vanquished

Notes
Turn   | Place    | Note
-------+----------+-------------------------------------------
     0 | D:1      | Sabo the Palentonga Fighter began the quest for the Orb.
     0 | D:1      | Reached XP level 1. HP: 19/19 MP: 1/1
   100 | D:1      | Found a faded altar of an unknown god.
   157 | D:1      | Became a worshipper of Ashenzari the Shackled
   369 | D:1      | Reached XP level 2. HP: 25/25 MP: 2/2
   995 | D:1      | Reached * piety under Ashenzari
  1239 | D:2      | Reached XP level 3. HP: 29/31 MP: 3/3
  1730 | D:2      | Reached skill level 1 in Polearms
  1730 | D:2      | Reached XP level 4. HP: 32/37 MP: 4/4
  2553 | D:3      | Reached XP level 5. HP: 43/43 MP: 5/5
  2589 | D:3      | Found a glowing silver altar of Zin.
  3047 | D:4      | Reached skill level 1 in Dodging
  3144 | D:4      | Reached skill level 1 in Long Blades
  3247 | D:4      | Found a shimmering blue altar of Sif Muna.
  3262 | D:4      | Reached XP level 6. HP: 50/50 MP: 6/6
  3280 | D:4      | Found a sand-covered staircase.
  3298 | Ossuary  | Entered an ossuary
  3549 | Ossuary  | Gained mutation: You tend to lose your temper in combat.
                  | [potion of mutation]
  3549 | Ossuary  | Gained mutation: You have a somewhat thin skeletal
                  | structure. (Dex +2, Stealth+) [potion of mutation]
  3549 | Ossuary  | Gained mutation: You occasionally shout uncontrollably at
                  | your foes. [potion of mutation]
  3550 | Ossuary  | Lost mutation: You tend to lose your temper in combat.
                  | [potion of mutation]
  3550 | Ossuary  | Lost mutation: You have a somewhat thin skeletal structure.
                  | (Dex +2, Stealth+) [potion of mutation]
  3550 | Ossuary  | Lost mutation: You occasionally shout uncontrollably at
                  | your foes. [potion of mutation]
  3550 | Ossuary  | Gained mutation: You are resistant to electric shocks.
                  | (rElec) [potion of mutation]
  3550 | Ossuary  | Gained mutation: You are strong-willed. (Will+) [potion of
                  | mutation]
  3941 | D:4      | Noticed an ice beast
  3959 | D:4      | Killed an ice beast
  3989 | D:4      | Found a shadowy altar of Dithmenos.
  4212 | D:5      | Entered Level 5 of the Dungeon
  4390 | D:5      | Gained mutation: You curl defensively after being hit.
                  | [Palentonga growth]
  4390 | D:5      | Reached XP level 7. HP: 54/55 MP: 7/7
  4478 | D:5      | Found a transporter.
  4479 | D:5      | Noticed Exaltedone87's ghost (novice PaFi)
  4480 | D:5      | Identified the +5 great mace "Faghoufa" {venom, Dex+8}
  4481 | D:5      | Found a transporter.
  4612 | D:5      | HP: 2/56 [orc warrior (15)]
  4620 | D:5      | Killed from afar by an orc priest

Illustrated notes

Levels and vault maps discovered:
D:1:      minmay_arrival_diagonal_passages, layout_loops_corners,
          shapermc_ecumenical_altar_mp_ritualfount, minmay_misc_feat_encased,
          solitary_fountain
D:2:      layout_loops_ring
D:3:      layout_loops_ring, mainiacjoe_overflow_chevrons
D:4:      layout_loops_ring, mainiacjoe_overflow_cross_hatched,
          nicolae_dithmenos_the_darkroom, nicolae_ossuary_entry_false_entrances
D:5:      minmay_bubble_buster, layout_cave_pods,
          nicolae_overflow_hidden_temple, temple_hall, gammafunk_ghost_smash

Skill      XL: |  1  2  3  4  5  6  7 |
---------------+----------------------+-----
Armour         | 3 4 |  4.6
Polearms       | 1 2 |  2.0
Shields        | 3 4 |  4.1
Dodging        | 1 |  1.8
Long Blades    | 1 3 4 |  4.1
Fighting       | 4 |  4.0
Axes           | |  2.3
Stealth        | |  0.2

Action                   |  1- 3 |  4- 6 |  7- 9 || total
-------------------------+-------+-------+-------++-------
Melee: War axe           |    10 |       |       ||    10
       Spear             |    94 |    30 |       ||   124
       Tailslap          |    14 |    24 |    11 ||    49
       Falchion          |       |   123 |     7 ||   130
       Long sword        |       |       |    34 ||    34
Invok: Curse Item        |     2 |     1 |       ||     3
       Shatter the Chain |       |     1 |       ||     1
 Abil: Rolling Charge    |     3 |     3 |       ||     6
  Use: Potion            |       |     3 |     1 ||     4
       Scroll            |       |     4 |       ||     4
Armor: Scale mail        |    41 |    92 |    20 ||   153
Dodge: Dodged            |    31 |    40 |    13 ||    84
Block: Kite shield       |    51 |    75 |    38 ||   164
       Rpst.: Falchion   |       |     8 |       ||     8
       Long sword        |       |       |     2 ||     2

Table legend: (Time is in decaauts)
 A = Elapsed time spent in this place.
 B = Non-inter-level travel time spent in this place.
 C = Inter-level travel time spent in this place.
 D = Time resting spent in this place.
 E = Time spent auto-exploring this place.
 F = Levels seen in this place.
 G = Mean time per level.
                   A        B        C        D        E       F      G
               +--------+--------+--------+--------+--------+-----+--------+
         Total |   4716 |   4716 |      0 |    388 |      0 |   6 |  786.0 |
       Dungeon |   4438 |   4438 |      0 |    382 |      0 |   5 |  887.6 |
       Ossuary |    278 |    278 |      0 |      6 |      0 |   1 |  278.0 |
               +--------+--------+--------+--------+--------+-----+--------+

Top non-repeatable levels by time:
     D:1: 1244 daAuts
     D:4: 948 daAuts
     D:2: 936 daAuts
     D:3: 881 daAuts
     D:5: 427 daAuts
 Ossuary: 278 daAuts
